AoeStats
← Clay

Hideout

510144120Analyzed
1v1 RM · 3d ago on Sep 29, 2026· 17m 17s· 2 players
Game mode
Random Map
Map size
Tiny (2 player)
Population
200
Speed
Normal
Resources
Standard
Victory
Conquest
Starting age
Dark Age
Ending age
Imperial Age
RankedLock teamsTeams togetherTeam positionsShared explorationLock speedFull tech treeHidden civsTurbo modeCheats
Victory
Defeat
🇮🇳 Vikings · India
1083
+17
🇬🇪 Italians · Georgia
1095
-17
Clay
6:41 Loom
9:20 Feudal Age
10:14 Double-Bit Axe
10:38 Man-at-Arms
11:04 Arson
15:21 Scale Mail Armor
16:20 Forging
16:22 Horse Collar
dambo
0:35 Loom
10:24 Feudal Age
12:40 Horse Collar
12:59 Man-at-Arms
15:55 Forging
Connection lost

Rejoining the realm…

Still unreachable

The connection could not be restored.

Session expired

The server has moved on; the page needs a fresh start.